 Dungeon Crawl Stone Soup version 0.21-a0-297-ga3d34c2 (webtiles) character file.

60 vatarom the Covered (level 4, 0/34 HPs)
             Began as a Gnoll Wanderer on Sept 28, 2017.
             Slain by a hound (3 damage)
             ... on level 3 of the Dungeon.
             The game lasted 00:02:26 (1486 turns).

vatarom the Covered (Gnoll Wanderer)                Turns: 1486, Time: 00:02:27

Health: 0/34       AC:  7    Str: 22    XL:     4   Next: 6%
Magic:  7/7        EV:  8    Int: 12    God:
Gold:   178        SH:  0    Dex: 14    Spells: 8/8 levels left

rFire    . . .     SeeInvis .   d - +0 club
rCold    . . .     Gourm    .   a - +1 shield
rNeg     . . .     Faith    .   b - +0 ring mail
rPois    .         Spirit   .   e - +0 helmet
rElec    .         Reflect  +   (no cloak)
rCorr    .         Harm     .   (no gloves)
MR       .....                  (no boots)
Stlth    ..........             g - +5 amulet of reflection
HPRegen  0.11/turn              n - +4 ring of strength
MPRegen  0.10/turn              (no ring)

@: confused
A: distributed training, fangs 1, strong nose
a: no special abilities


You were on level 3 of the Dungeon.
You were not hungry.

You visited 1 branch of the dungeon, and saw 3 of its levels.

You collected 178 gold pieces.

Inventory:

Hand Weapons
 d - a +0 club (weapon)
Armour
 a - a +1 shield (worn)
 b - a +0 ring mail (worn)
 e - a +0 helmet (worn)
Jewellery
 g - a +5 amulet of reflection (around neck)
 n - a +4 ring of strength (left hand)
Wands
 k - a wand of confusion (25/48)
Scrolls
 c - a scroll of teleportation
 j - 3 scrolls of identify
 m - a scroll of enchant armour
Comestibles
 f - a bread ration
 i - a meat ration
 l - a royal jelly


   Skills:
 + Level 2.3 Fighting
 + Level 1.7 Short Blades
 + Level 0.8 Long Blades
 + Level 1.3 Axes
 + Level 2.8 Maces & Flails
 + Level 0.8 Polearms
 + Level 1.3 Staves
 + Level 1.3 Slings
 + Level 0.8 Bows
 + Level 1.3 Crossbows
 + Level 2.3 Throwing
 + Level 6.4 Armour
 + Level 0.8 Dodging
 + Level 1.7 Stealth
   Level 0.0 Stabbing
 + Level 3.1 Shields
   Level 0.0 Traps
 + Level 0.8 Unarmed Combat
 + Level 2.6 Spellcasting
 + Level 0.8 Conjurations
 + Level 0.8 Hexes
 + Level 0.8 Charms
 + Level 0.8 Summonings
 + Level 4.7 Necromancy
 + Level 1.3 Translocations
 + Level 0.8 Transmutations
 + Level 0.0 Fire Magic
 + Level 0.8 Ice Magic
 + Level 0.0 Air Magic
 + Level 0.0 Earth Magic
 + Level 0.0 Poison Magic
 + Level 1.3 Invocations
 + Level 1.3 Evocations


You had 8 spell levels left.
You didn't know any spells.

Dungeon Overview and Level Annotations

Branches:
Dungeon (3/15)

Altars:
Sif Muna


Innate Abilities, Weirdness & Mutations

Your experience applies equally to all skills.
You have very sharp teeth.
Your uncanny sense of smell can sniff out nearby items.


Message History

You block the hobgoblin's attack. You block the hound's attack.
The hobgoblin hits you but does no damage.
The hound completely misses you.
You hit the hound.
The hound is almost dead.
The hound bites you.
* * * LOW HITPOINT WARNING * * *
The hobgoblin hits you from afar with a spear.
* * * LOW HITPOINT WARNING * * *
The hound bites you but does no damage.
You are confused.
You feel invigorated. The hound barely misses you.
The hobgoblin hits you from afar with a spear.
* * * LOW HITPOINT WARNING * * *
You bump into the rock wall.
The hound bites you.
* * * LOW HITPOINT WARNING * * *
The hobgoblin hits you from afar with a spear.
* * * LOW HITPOINT WARNING * * *
The hound bites you.
You die...

*,,**#.##* #.#.##.#
*,,*,,...###......#
*,,*,,,.,..###.####
*,,∆,,,#.#.# #.#
*,,,*,,#.#.###.#
**,,,,*#.......#
****,*###g#####
#.####h# #.....@#
########


You could see a hound and a hobgoblin.

Vanquished Creatures
  An adder (D:2)
  An ooze (D:1)
  A worm (D:2)
  3 dart slugs (D:2)
  A ball python (D:1)
  2 giant cockroaches
  6 goblins
  6 hobgoblins
  3 bats
  2 frilled lizards
  3 kobolds
  8 rats
37 creatures vanquished.

Vanquished Creatures (others)
  A goblin (D:2)
1 creature vanquished.

Grand Total: 38 creatures vanquished

Notes
Turn   | Place    | Note
-------+----------+-------------------------------------------
     0 | D:1      | vatarom the Gnoll Wanderer began the quest for the Orb.
     0 | D:1      | vatarom set off with: a +0 shield, a +0 ring mail, a scroll of teleportation, a +0 club, a bread ration
     0 | D:1      | Reached XP level 1. HP: 17/17 MP: 4/4
    71 | D:1      | Reached skill level 1 in Slings
   321 | D:1      | Reached XP level 2. HP: 19/23 MP: 5/5
   358 | D:1      | Reached skill level 1 in Stealth
   651 | D:2      | Reached skill level 1 in Axes
   651 | D:2      | Reached XP level 3. HP: 28/28 MP: 6/6
   653 | D:2      | Reached skill level 1 in Short Blades
   663 | D:2      | Reached skill level 1 in Translocations
   689 | D:2      | Reached skill level 1 in Invocations
   695 | D:2      | Reached skill level 1 in Staves
  1231 | D:2      | Found a deep blue altar of Sif Muna.
  1273 | D:3      | Reached skill level 1 in Evocations
  1339 | D:3      | Reached XP level 4. HP: 33/34 MP: 7/7
  1356 | D:3      | Reached skill level 1 in Crossbows
  1486 | D:3      | Slain by a hound

Vault maps used:
D:1:      co_arrival_square_in_a_square_in_a_square
D:2:      lemuel_blue_sif_altar

Skill      XL: |  1  2  3  4 |
---------------+-------------+-----
Slings         | 1 |  1.3
Stealth        | 1 |  1.7
Axes           | 1 |  1.3
Short Blades   | 1 |  1.7
Translocations | 1 |  1.3
Invocations    | 1 |  1.3
Staves         | 1 |  1.3
Shields        | 3 |  3.1
Evocations     | 1 |  1.3
Crossbows      | 1 |  1.3
Fighting       | |  2.3
Long Blades    | |  0.8
Maces & Flails | |  2.8
Polearms       | |  0.8
Bows           | |  0.8
Throwing       | |  2.3
Armour         | |  6.4
Dodging        | |  0.8
Unarmed Combat | |  0.8
Spellcasting   | |  2.6
Conjurations   | |  0.8
Hexes          | |  0.8
Charms         | |  0.8
Summonings     | |  0.8
Necromancy     | |  4.7
Transmutations | |  0.8
Ice Magic      | |  0.8

Action                   |  1- 3 |  4- 6 || total
-------------------------+-------+-------++-------
Melee: Club              |   141 |    47 ||   188
       Bite              |    17 |     7 ||    24
  Use: Scroll            |     1 |     2 ||     3
       Potion            |     4 |     2 ||     6
  Eat: Chunk             |     1 |     1 ||     2
Armor: Ring mail         |    50 |    21 ||    71
Dodge: Dodged            |    55 |    20 ||    75
Block: Shield            |    92 |    43 ||   135
       Reflection        |     3 |       ||     3

Table legend:
 A = Spawn XP
 B = Non-spawn XP
 C = Spawn XP percentage of total XP
 D = Spawn monster count
 E = Non-spawn monster count
 F = Spawn count percentage of total count
 G = Total turns spent on level
                    A         B        C        D         E        F      G
               +---------+---------+-------+---------+---------+-------+---------
         Total |       0 |      87 |   0.0 |       0 |      38 |   0.0 |  1486
               +---------+---------+-------+---------+---------+-------+---------
           D:1 |       0 |      30 |   0.0 |       0 |      17 |   0.0 |   647
           D:2 |       0 |      46 |   0.0 |       0 |      15 |   0.0 |   616
           D:3 |       0 |      11 |   0.0 |       0 |       6 |   0.0 |   223
               +---------+---------+-------+---------+---------+-------+---------
